 Dungeon Crawl Stone Soup version 0.31.0-32-g396128a36d (webtiles) character file.

Game seed: 4621538400856428078

1743 Henri the Basher (level 9, -12/69 HPs)
             Began as a Human Fighter on Apr 6, 2024.
             Mangled by an orc knight
             ... wielding a +0 war axe
              (24 damage)
             ... in a bailey.
             The game lasted 00:17:12 (6358 turns).

Henri the Basher (Human Fighter)                    Turns: 6358, Time: 00:17:12

Health: -12/69     AC:  9    Str: 33    XL:     9   Next: 5%
Magic:  9/9        EV: 10    Int:  9    God:
Gold:   115        SH:  5    Dex: 12    Spells: 8/8 levels left

rFire   . . .        a - +0 flail
rCold   . . .        c - +0 buckler
rNeg    . . .        b - +0 scale mail
rPois   .            (no helmet)
rElec   .            C - +0 cloak
rCorr   .            (no gloves)
SInv    .            w - +0 pair of boots
Will    .....        (no amulet) Stlth
                     j - +6 ring of strength
HPRegen 0.31/turn    t - +6 ring of strength
MPRegen 0.11/turn

%: no passive effects
@: mighty
A: explore regen
a: no special abilities


You were in a bailey.
You visited 1 branch of the dungeon, and saw 7 of its levels.
You also visited: Bailey.

You collected 339 gold pieces.
You spent 224 gold pieces at shops.

Inventory:

Hand Weapons
 a - a +0 flail (weapon)
Missiles
 f - 2 silver javelins (quivered)
Armour
 b - a +0 scale mail (worn)
 c - a +0 buckler (worn)
 w - a +0 pair of boots (worn)
 C - a +0 cloak (worn)
Jewellery
 e - a ring of resist corrosion
 j - a +6 ring of strength (left hand)
 r - an amulet of magic regeneration
 t - a +6 ring of strength (right hand)
 u - a ring of ice
Scrolls
 i - 3 scrolls of teleportation
 m - a scroll of enchant armour
 o - 2 scrolls of blinking
 p - 2 scrolls of poison
 q - a scroll of fog
 s - a scroll of silence
 y - a scroll of immolation {unknown}
 A - a scroll of noise
Potions
 d - a potion of might
 g - 2 potions of mutation
 h - 5 potions of brilliance
 k - a potion of cancellation
 l - 5 potions of curing
 n - a potion of enlightenment
 v - a potion of resistance
 z - a potion of haste
 B - 2 potions of lignification


   Skills:
 + Level 5.8 Fighting
 * Level 9.0 Maces & Flails
 - Level 5.0 Armour
 + Level 4.2 Shields


You had 8 spell levels left.
You didn't know any spells.
Your spell library contained the following spells:

 Spells                   Type           Power      Damage    Failure   Level
 Freeze                   Ice            0%         1d3       65%         1
 Static Discharge         Conj/Air       0%         3-3/arc   78%         2
 Frozen Ramparts          Ice            0%         1d1       95%         3
 Hailstorm                Conj/Ice       0%         3d5       95%         3
 Airstrike                Air            0%         2d(0-16)  100%        4
 Summon Lightning Spire   Summ/Air       0%         N/A       100%        4


Dungeon Overview and Level Annotations

Branches:
Dungeon (7/15)             Bailey (1/1)
 Temple: D:4-7

Altars:
Cheibriados
Dithmenos
Fedhas
Okawaru
Qazlal
Sif Muna

Shops:
D:3 [   D:5 *[*

Annotations:
D:6 Jeremiah


Innate Abilities, Weirdness & Mutations

You regain HP and MP as you explore.


Message History

The orc is heavily wounded.
The orc hits you with a +0 hand axe.
You sock the orc!
You kill the orc!
Items here: )) [[ ††.
You start resting.
HP restored.
There is an open gate here.
You open the large door.
An orc knight and an orc come into view.
The orc knight shouts!
The orc shouts!
An orc knight comes into view. It is wielding a +0 war axe.
The orc knight roars a battlecry!
The orcs go into a battle-frenzy!
There is an open gate here.
Items here: )) [[ ††.
The orc no longer looks unusually strong.
The orc knight roars a battlecry!
The orc goes into a battle-frenzy!
You hit the orc knight.
The orc knight is lightly wounded.
The orc knight completely misses you.
You closely miss the orc knight.
The orc knight hits you with a +0 war axe!!
The orc barely misses you.
You hit the orc.
The orc is lightly wounded.
The orc knight hits you with a +0 war axe!
The orc barely misses you.
You sock the orc!
You kill the orc!
The orc knight hits you with a +0 war axe!
You completely miss the orc knight. You block the orc knight's attack.
You feel very mighty all of a sudden.
The orc knight hits you with a +0 war axe!
* * * LOW HITPOINT WARNING * * *
You sock the orc knight!
The orc knight is lightly wounded.
The orc knight hits you with a +0 war axe!!
You die...

##### #@∩.# ###o).###
#.......# #...∩...#
#.......# #.......#
########.......########
≈≈≈≈≈≈≈...))....≈≈≈≈≈≈≈
≈≈≈≈≈≈≈≈≈≈...≈≈≈≈≈≈≈≈≈≈


You could see an orc knight.

Vanquished Creatures
  2 ice beasts (D:6)
  2 black bears
  2 ogres
  2 centaurs (D:6)
  2 phantoms (D:4)
  A bullfrog (D:6)
  2 scorpions
  A howler monkey (D:4)
  An electric eel (Bailey)
  A gnoll bouda (D:7)
  An orc priest (D:6)
  4 hounds
  A jelly (D:6)
  2 iguanas
  5 orc wizards
  A sleepcap (D:4)
  7 gnolls
  5 adders
  A white imp (D:6)
  4 ribbon worms
  2 dart slugs
  14 orcs
  5 ball pythons
  7 endoplasms
  3 giant cockroaches
  10 goblins
  7 hobgoblins
  2 jackals (D:3)
  7 quokkas
  7 bats
  3 frilled lizards
  8 kobolds
  7 rats
129 creatures vanquished.

Notes
Turn   | Place    | Note
-------+----------+-------------------------------------------
     0 | D:1      | Henri the Human Fighter began the quest for the Orb.
     0 | D:1      | Reached XP level 1. HP: 18/18 MP: 1/1
   131 | D:1      | Reached XP level 2. HP: 24/24 MP: 2/2
   366 | D:1      | Reached skill level 3 in Maces & Flails
   509 | D:1      | Reached XP level 3. HP: 28/29 MP: 3/3
   845 | D:2      | Found a faded altar of an unknown god.
  1185 | D:2      | Reached skill level 4 in Maces & Flails
  1433 | D:2      | Identified the +0 scimitar "Plojy" {drain, Will+}
  1470 | D:2      | Reached XP level 4. HP: 35/35 MP: 4/4
  2399 | D:3      | Found Fiumot's Antique Armour Shoppe.
  2426 | D:3      | Reached skill level 5 in Maces & Flails
  2426 | D:3      | Reached XP level 5. HP: 41/41 MP: 5/5
  2620 | D:4      | Found a shadowy altar of Dithmenos.
  2620 | D:4      | Found a shimmering blue altar of Sif Muna.
  2761 | D:4      | Reached XP level 6. HP: 37/47 MP: 6/6
  3319 | D:4      | Reached skill level 6 in Maces & Flails
  3566 | D:5      | Entered Level 5 of the Dungeon
  3835 | D:4      | Reached XP level 7. HP: 53/53 MP: 7/7
  4259 | D:5      | Found Caiceteb's General Store.
  4334 | D:5      | Reached skill level 7 in Maces & Flails
  4347 | D:5      | Found an iron altar of Okawaru.
  4347 | D:5      | Found a blossoming altar of Fedhas.
  4348 | D:5      | Found a snail-covered altar of Cheibriados.
  4495 | D:5      | Bought a scroll of identify for 26 gold pieces
  4556 | D:5      | Found Hachantu's General Store.
  4561 | D:5      | Bought a potion of haste for 110 gold pieces
  4561 | D:5      | Bought 3 scrolls of identify for 66 gold pieces
  4561 | D:5      | Bought a scroll of identify for 22 gold pieces
  4575 | D:5      | Found Loxt's Armour Shop.
  4605 | D:5      | Found a stormy altar of Qazlal.
  4712 | D:6      | Reached XP level 8. HP: 56/61 MP: 8/8
  4969 | D:6      | Reached skill level 5 in Fighting
  4969 | D:6      | Reached skill level 8 in Maces & Flails
  4969 | D:6      | Reached skill level 5 in Armour
  5566 | D:6      | Noticed Jeremiah
  5761 | D:7      | Found a flagged portal.
  5776 | D:7      | Reached XP level 9. HP: 43/66 MP: 9/9
  5809 | D:7      | Reached skill level 9 in Maces & Flails
  5884 | Bailey   | Entered a bailey
  6329 | Bailey   | Noticed an orc knight
  6329 | Bailey   | Noticed an orc knight
  6358 | Bailey   | Mangled by an orc knight

Illustrated notes

Levels and vault maps discovered:
D:1:      nagdon_arrival_double_spiral, layout_basic,
          nicolae_concentric_dashed_squares_wild, roderic_roman_lattice
D:2:      minmay_chambers_of_twos, layout_basic,
          shapermc_ecumenical_altar_acropolis, kennysheep_generic_room_8
D:3:      layout_basic, serial_shops, nicolae_shop_just_a_little_nook
D:4:      layout_loops_ring, grunt_temple_overflow_open, serial_forest,
          infiniplex_forest_corner_1, infiniplex_forest_lined_room_3,
          infiniplex_forest_clump_double, infiniplex_forest_zigzag_2,
          infiniplex_forest_clump_curved, infiniplex_forest_zigzag_2,
          nicolae_zen_rock_garden
D:5:      layout_cave_pools, nicolae_overflow_quartered_altars, serial_shops,
          nicolae_shop_hallway_stairs, nicolae_shop_hallway_plus,
          nicolae_shop_hallway_stairs
D:6:      layout_gridville, kennysheep_path_1, minmay_holes, uniq_jeremiah
D:7:      layout_basic, minmay_temple_entry_fiery, enter_bailey_5, uniq_maurice
Bailey:   bailey_axe_of_yendor_kennysheep, bailey

Skill      XL: |  1  2  3  4  5  6  7  8  9 |
---------------+----------------------------+-----
Maces & Flails | 3 4 5 6 7 8 9 |  9.0
Armour         | 4 5 |  5.0
Fighting       | 4 5 |  5.8
Shields        | 4 |  4.2

Action                     |  1- 3 |  4- 6 |  7- 9 || total
---------------------------+-------+-------+-------++-------
  Melee: Flail             |   112 |   130 |   205 ||   447
    Use: Scroll            |       |     8 |     7 ||    15
         Potion            |       |       |     2 ||     2
 Armour: Scale mail        |    64 |    74 |   171 ||   309
  Dodge: Dodged            |    51 |    41 |    97 ||   189
  Block: Buckler           |    24 |    26 |    45 ||    95
